 Dungeon Crawl Stone Soup version 0.18-a0-596-g6468885 (webtiles) character file.

48 M4edhros the Sneak (level 3, -1/23 HPs)
             Began as an Octopode Artificer on Dec 3, 2015.
             Killed from afar by an orc wizard (8 damage)
             ... with a magic dart
             ... on level 3 of the Dungeon.
             The game lasted 00:01:13 (914 turns).

M4edhros the Sneak (Octopode Artificer)              Turns: 914, Time: 00:01:14

Health: -1/23      AC:  1    Str: 10    XL:     3   Next: 72%
Magic:  5/5        EV: 12    Int: 15    God:
Gold:   24         SH:  0    Dex: 12    Spells: 0 memorised, 2 levels left

rFire  . . .     SeeInvis .     a - +0 short sword
rCold  . . .     Clarity  .     (no shield)
rNeg   . . .     SustAt   .     (helmet restricted)
rPois  .         Gourm    .     (no amulet)
rElec  .         Spirit   .     (no ring)
rCorr  .         Dismiss  .     (no ring)
rMut   .         Stasis   .     (no ring)
MR     .....                    (no ring)
Stlth  ++++......               (no ring)
                                (no ring)
                                (no ring)
                                (no ring)

@: not resistant to hostile enchantments, stealthy
A: almost no armour, amphibious, 8 rings, constrict 8, camouflage 1, gelatinous
body 1
a: no special abilities


You were on level 3 of the Dungeon.
You were not hungry.

You visited 1 branch of the dungeon, and saw 3 of its levels.

You collected 24 gold pieces.

Inventory:

Hand Weapons
 a - a +0 short sword (weapon)
 j - a +0 hunting sling
Missiles
 k - 8 stones (quivered)
Wands
 b - a wand of flame (13)
 c - a wand of enslavement (12)
 d - a wand of random effects (15)
Scrolls
 f - 2 scrolls of immolation {unknown}
 g - 2 scrolls of enchant armour {unknown}
 h - a scroll of identify {unknown}
 l - a scroll of random uselessness {unknown}
 m - a scroll of amnesia {unknown}
Comestibles
 e - a bread ration
 i - a beef jerky


   Skills:
 - Level 1.0 Fighting
 - Level 1.0 Short Blades
 + Level 0.6 Slings
 - Level 2.0 Dodging
 + Level 4.7 Stealth
 - Level 3.3 Evocations


You had 2 spell levels left.
You didn't know any spells.

Dungeon Overview and Level Annotations

Branches:
Dungeon (3/15)

Altars:

Annotations:
D:3 Ijyb


Innate Abilities, Weirdness & Mutations

You cannot wear most types of armour.
You are amphibious.
You can wear up to eight rings at the same time.
You can use your tentacles to constrict eight enemies at once.
Your skin changes colour to match your surroundings (Stealth).
Your rubbery body absorbs attacks (AC +1).


Message History

Press: ? - help, Shift-Dir - straight line, f - orc wizard
Aim: an orc wizard, wielding an enchanted dagger and wearing a robe (chance to defeat MR: 52%)
The orc wizard resists with significant effort.
This wand has 14 charges left.
Evoke which item? (* to show all) (? for menu, Esc to quit)
Zapping:
c - a wand of enslavement (14)
Press: ? - help, Shift-Dir - straight line, f/p - orc wizard
Aim: an orc wizard, wielding an enchanted dagger and wearing a robe (chance to defeat MR: 52%)
The orc wizard resists with significant effort.
This wand has 13 charges left.
Evoke which item? (* to show all) (? for menu, Esc to quit)
Zapping:
c - a wand of enslavement (13)
Press: ? - help, Shift-Dir - straight line, f/p - orc wizard
Aim: an orc wizard, wielding an enchanted dagger and wearing a robe (chance to defeat MR: 52%)
The orc wizard resists with significant effort.
This wand has 12 charges left.
The orc wizard hits you but does no damage.
The orc wizard points at you and mumbles some strange words.
The magic dart hits you!
You die...

###.## #.... ###
######.#.## #..
........<.# # #.#
#####..#.# #. #.#
#..#.#
#.##.#########.)#.#
#..(.o......)...#.#
###(go.@..#####.#.#
#.g####### #.#.#
#..8.8.8.8 #.#.#
#.g..g.g.. #.#
#...gg.... #.#
#......g.. ...
#......... .#
#.........
#..8.8.8.8


You could see an orc wizard, an orc and 2 goblins.

Vanquished Creatures
  2 adders (D:2)
  A worm (D:2)
  3 orcs (D:3)
  A giant cockroach (D:1)
  7 goblins
  3 hobgoblins
  3 kobolds
  A bat (D:1)
  4 rats
25 creatures vanquished.

Notes
Turn   | Place    | Note
--------------------------------------------------------------
     0 | D:1      | M4edhros the Octopode Artificer began the quest for the Orb.
     0 | D:1      | Reached XP level 1. HP: 13/13 MP: 3/3
   189 | D:1      | Reached XP level 2. HP: 18/18 MP: 4/4
   561 | D:2      | Reached skill level 4 in Stealth
   563 | D:2      | Reached XP level 3. HP: 23/23 MP: 5/5
   905 | D:3      | Noticed Ijyb
   914 | D:3      | Killed from afar by an orc wizard

Vault maps used:
D:1:      dpeg_arrival_renting, kennysheep_boxes
D:2:      old_standard_altar, grunt_temple_overflow_open, uniq_sigmund
D:3:      kennysheep_the_goblin_king, lemuel_crystal_altar

Action                   || total
-------------------------++-------
Melee: Short sword       ||    43
 Fire: Hunting sling     ||    18
Evoke: Wand              ||     5
 Stab: Sleeping          ||     8
